 Dungeon Crawl Stone Soup version 0.21.1-74-g47da9253eb (webtiles) character file.

15348 Peloso the Carver (level 12, -5/106 HPs)
             Began as a Minotaur Fighter on Aug 8, 2018.
             Was a High Priest of Okawaru.
             Slain by a red ugly thing (31 damage)
             ... on level 11 of the Dungeon.
             The game lasted 00:26:47 (12051 turns).

Peloso the Carver (Minotaur Fighter)               Turns: 12051, Time: 00:26:47

Health: -5/106     AC: 17    Str: 29    XL:     12   Next: 0%
Magic:  11/11      EV: 11    Int:  5    God:    Okawaru [*****.]
Gold:   360        SH: 13    Dex: 16    Spells: 11/11 levels left

rFire    x . .     SeeInvis +   a - +2 scimitar (elec)
rCold    + . .     Gourm    .   c - +0 shield
rNeg     . . .     Faith    .   b - +0 chain mail of Polish {Dex+6 SInv}
rPois    .         Spirit   .   (helmet restricted)
rElec    .         Reflect  .   e - +0 cloak
rCorr    .         Harm     .   B - +2 pair of gloves
MR       .....                  (no boots)
Stlth    ..........             (no amulet)
HPRegen  0.27/turn              (no ring)
MPRegen  0.12/turn              z - ring of Surprise {Ice Str+5 Dex-2}

@: no status effects
A: retaliatory headbutt, horns 2
a: Heroism, Finesse, Renounce Religion


You were on level 11 of the Dungeon.
You worshipped Okawaru.
Okawaru was extremely pleased with you.
You were not hungry.

You visited 2 branches of the dungeon, and saw 12 of its levels.
You also visited: Ossuary.

You collected 772 gold pieces.
You spent 412 gold pieces at shops.

Inventory:

Hand Weapons
 a - a +2 scimitar of electrocution (weapon)
Armour
 b - the +0 chain mail of Polish (worn) {Dex+6 SInv}
   (You found it on level 6 of the Dungeon)

   It affects your dexterity (+6).
   It lets you see invisible.
 c - a +0 shield (worn)
 e - a +0 cloak (worn)
 B - a +2 pair of gloves (worn)
Jewellery
 k - an uncursed amulet of harm
 n - an uncursed ring of magical power
 q - an uncursed ring of protection from cold
 z - the ring of Surprise (right hand) {Ice Str+5 Dex-2}
   (You found it on level 8 of the Dungeon)

   [ring of ice]

   It enhances your ice magic.
   It affects your strength (+5).
   It affects your dexterity (-2).
   It makes you vulnerable to fire.
   It protects you from cold.
 D - a cursed amulet of inaccuracy {unknown}
Wands
 w - a wand of acid (7)
Scrolls
 h - 8 scrolls of remove curse
 p - a scroll of amnesia
 r - 2 scrolls of magic mapping
 v - 7 scrolls of identify
 x - a scroll of enchant armour
 y - a scroll of brand weapon
 C - 2 scrolls of teleportation
 E - a scroll of enchant weapon
Potions
 d - 3 potions of might
 g - 5 potions of heal wounds
 i - 2 potions of brilliance
 j - 7 potions of curing
 l - 2 potions of berserk rage
 m - a potion of agility
 o - a potion of haste
 s - a potion of magic {unknown}
 t - 3 potions of mutation {unknown}
 u - 3 potions of invisibility {unknown}
 A - 2 potions of flight {unknown}
Comestibles
 f - 30 rations
 F - 3 chunks of flesh


   Skills:
 + Level 10.0 Fighting
 + Level 13.5 Long Blades
 + Level 11.4 Armour
 + Level 4.9 Dodging
 + Level 1.3 Stealth
 + Level 11.3 Shields
 + Level 0.2 Invocations


You had 11 spell levels left.
You didn't know any spells.

Dungeon Overview and Level Annotations

Branches:
Dungeon (11/15)            Temple (1/1) D:5            Lair (0/6) D:10
    Orc: D:9-12

Altars:
Ashenzari
Cheibriados
Dithmenos
Elyvilon
Fedhas
Gozag
Hepliaklqana
Kikubaaqudgha
Makhleb
Nemelex Xobeh
Okawaru
Qazlal
Ru
Sif Muna
Trog
Uskayaw
Vehumet
Wu Jian
Xom
Yredelemnul
Zin
The Shining One

Shops:
D:7 :   D:8 ?[}!


Innate Abilities, Weirdness & Mutations

You reflexively headbutt those who attack you in melee.
You have a pair of horns on your head.


Message History

You slash the red ugly thing!
Your headbutt misses the red ugly thing.
The red ugly thing is moderately wounded.
The red ugly thing engulfs you.
You are engulfed in flames!!
The fire burns you terribly!
You slash the red ugly thing!
Lightning courses through the red ugly thing!
Your headbutt misses the red ugly thing.
The red ugly thing is heavily wounded.
You completely miss the red ugly thing.
The red ugly thing is heavily wounded.
The red ugly thing engulfs you.
You are engulfed in flames!!
The fire burns you terribly!
* * * LOW HITPOINT WARNING * * *
You slash the red ugly thing!
The red ugly thing is severely wounded.
The red ugly thing engulfs you.
* * * LOW HITPOINT WARNING * * *
You are engulfed in flames!!
The fire burns you terribly!
You die...

######## #.>
###......###..
#...####......
#.### ######.
#.# ######.
#)# .......
###.# ###.
#########...#
#.
......u@..###
#.
.......##..#
#. .......
#...# ..
....... #.#.#
.# .......
#.#... ..
.......
#.###.. ..
....... #.#
### ....... .#


You could see a red ugly thing.

Vanquished Creatures
  Josephine (D:10)
  3 two-headed ogres
  The ghost of Peloso the Carver, a novice MiFi of Okawaru (D:7)
  3 unseen horrors (D:11)
  An orc knight (D:10)
  The ghost of Theblade12 the Chopper, a novice DsGl of Yredelemnul (D:5)
  2 ugly things (D:11)
  2 centaur zombies (D:11)
  3 trolls
  A hornet (D:10)
  A hippogriff (D:10)
  3 wraiths (D:10)
  13 yaks (D:9)
  A hungry ghost (D:11)
  A steam dragon (D:9)
  Edmund (D:5)
  5 orc warriors
  4 phantoms
  2 sky beasts
  4 ogres
  5 centaurs
  5 bullfrogs
  A wyvern zombie (D:11)
  A wyvern skeleton (D:11)
  4 water moccasin zombies (Ossuary)
  4 scorpions
  12 killer bees
  A howler monkey (D:7)
  A crimson imp (D:9)
  A quasit (D:10)
  A bullfrog zombie (D:9)
  9 hounds
  7 orc priests
  5 orc wizards
  3 bullfrog skeletons
  4 iguanas
  11 worker ants
  2 hound skeletons
  2 mummies (Ossuary)
  Robin (D:2)
  7 gnolls
  6 adders
  3 shadow imps
  3 oozes
  8 adder zombies (Ossuary)
  2 worms
  3 dart slugs
  4 leopard geckos
  27 orcs
  2 giant cockroaches
  16 goblins
  8 hobgoblins
  17 jackals
  9 quokkas
  2 ball pythons
  11 bats
  9 frilled lizards
  4 gnoll zombies (Ossuary)
  4 hobgoblin zombies (Ossuary)
  8 kobolds
  6 kobold zombies (Ossuary)
  5 orc zombies (Ossuary)
  3 rats
  2 rat zombies (D:4)
302 creatures vanquished.

Notes
Turn   | Place    | Note
-------+----------+-------------------------------------------
     0 | D:1      | Peloso the Minotaur Fighter began the quest for the Orb.
     0 | D:1      | Reached XP level 1. HP: 19/19 MP: 0/0
   246 | D:1      | Reached XP level 2. HP: 27/27 MP: 1/1
   550 | D:1      | Reached XP level 3. HP: 33/33 MP: 2/2
   566 | D:1      | Reached skill level 3 in Long Blades
  1093 | D:2      | Found a snail-covered altar of Cheibriados.
  1106 | D:2      | Reached XP level 4. HP: 39/40 MP: 3/3
  1280 | D:2      | Noticed Robin
  1302 | D:2      | Killed Robin
  1302 | D:2      | Reached skill level 1 in Dodging
  1830 | D:2      | Reached skill level 4 in Long Blades
  2195 | D:3      | Reached XP level 5. HP: 46/46 MP: 4/4
  2457 | D:3      | Reached skill level 5 in Shields
  2465 | D:3      | Found a shadowy altar of Dithmenos.
  2721 | D:3      | Found a shimmering altar of Xom.
  2787 | D:4      | Found a shattered altar of Ashenzari.
  2818 | D:4      | Reached skill level 5 in Long Blades
  2818 | D:4      | Reached XP level 6. HP: 17/53 MP: 5/5
  2922 | D:4      | Found a sand-covered staircase.
  3002 | Ossuary  | Entered an ossuary
  3387 | Ossuary  | Reached skill level 6 in Long Blades
  3390 | Ossuary  | Reached XP level 7. HP: 53/60 MP: 6/6
  3433 | Ossuary  | Reached skill level 5 in Fighting
  4314 | D:4      | Reached skill level 5 in Armour
  4509 | D:4      | Reached skill level 7 in Long Blades
  4594 | D:4      | Found a radiant altar of Vehumet.
  4655 | D:5      | Entered Level 5 of the Dungeon
  4825 | D:5      | Noticed Theblade12's ghost (novice DsGl)
  4841 | D:5      | Killed Theblade12's ghost
  4841 | D:5      | Reached XP level 8. HP: 70/70 MP: 7/7
  5050 | D:5      | Noticed Edmund
  5077 | D:5      | Killed Edmund
  5077 | D:5      | Reached skill level 8 in Long Blades
  5377 | D:5      | Found a staircase to the Ecumenical Temple.
  5384 | Temple   | Entered the Ecumenical Temple
  5484 | D:5      | Found an ancient bone altar of Kikubaaqudgha.
  6048 | D:6      | Got a distressingly furry chain mail
  6056 | D:6      | Identified the +0 chain mail of Polish {Dex+6 SInv} (You found it on level 6 of the Dungeon)
  6312 | D:6      | Reached XP level 9. HP: 78/78 MP: 8/8
  6732 | D:7      | Found Gahec's Book Boutique.
  6874 | D:7      | Reached skill level 9 in Long Blades
  7660 | D:7      | Noticed Peloso's ghost (novice MiFi)
  7682 | D:7      | Killed Peloso's ghost
  7976 | D:7      | Reached skill level 10 in Long Blades
  8205 | D:8      | Found a deep blue altar of Sif Muna.
  8220 | D:8      | Found Xoyl's Magic Scroll Emporium.
  8226 | D:8      | Bought a scroll of enchant armour for 112 gold pieces
  8226 | D:8      | Bought a scroll of brand weapon for 300 gold pieces
  8274 | D:8      | Found Epu Wear's Antique Armour Shop.
  8402 | D:8      | Found Sitint's Gadget Emporium.
  8509 | D:8      | Got a slimy brass ring
  8680 | D:8      | Found Xesog's Distillery.
  8935 | D:9      | Reached XP level 10. HP: 85/86 MP: 9/9
  9007 | D:9      | Found an ornate altar of the Wu Jian Council.
  9017 | D:9      | Found an iron altar of Okawaru.
  9021 | D:9      | Became a worshipper of Warmaster Okawaru
  9151 | D:9      | Reached skill level 11 in Long Blades
  9181 | D:9      | Reached * piety under Okawaru
  9185 | D:9      | Reached skill level 1 in Stealth
  9191 | D:9      | Reached skill level 10 in Armour
  9524 | D:9      | Noticed a two-headed ogre
  9531 | D:9      | Killed a two-headed ogre
  9531 | D:9      | Reached ** piety under Okawaru
  9594 | D:9      | Found a burning altar of Makhleb.
  9727 | D:9      | Found a glowing golden altar of the Shining One.
  9727 | D:9      | Found a bloodstained altar of Trog.
  9911 | D:10     | Entered Level 10 of the Dungeon
 10014 | D:10     | Reached skill level 12 in Long Blades
 10244 | D:10     | Identified the ring of Surprise {Ice Str+5 Dex-2} (You found it on level 8 of the Dungeon)
 10246 | D:10     | Lost intelligence.
 10489 | D:10     | Reached XP level 11. HP: 74/95 MP: 10/10
 10526 | D:10     | Found a staircase to the Lair.
 10725 | D:10     | Noticed Josephine
 10742 | D:10     | Killed Josephine
 10742 | D:10     | Reached *** piety under Okawaru
 10742 | D:10     | Reached skill level 10 in Shields
 10841 | D:10     | Noticed a two-headed ogre
 10846 | D:10     | Killed a two-headed ogre
 11078 | D:9      | Found a glowing silver altar of Zin.
 11168 | D:11     | Noticed an unseen horror
 11176 | D:11     | Killed an unseen horror
 11176 | D:11     | Reached **** piety under Okawaru
 11190 | D:11     | Noticed a two-headed ogre
 11200 | D:11     | Killed a two-headed ogre
 11229 | D:11     | Noticed an unseen horror
 11235 | D:11     | Killed an unseen horror
 11237 | D:11     | Noticed an unseen horror
 11251 | D:11     | Killed an unseen horror
 11251 | D:11     | Reached skill level 13 in Long Blades
 11298 | D:11     | Noticed an orc knight
 11640 | D:10     | Killed an orc knight
 11640 | D:10     | Reached ***** piety under Okawaru
 11833 | D:11     | Noticed a red ugly thing
 12033 | D:11     | Noticed a white ugly thing
 12035 | D:11     | Noticed a brown ugly thing
 12039 | D:11     | Killed a white ugly thing
 12044 | D:11     | Killed a brown ugly thing
 12044 | D:11     | Reached skill level 10 in Fighting
 12044 | D:11     | Reached XP level 12. HP: 79/106 MP: 11/11
 12051 | D:11     | Slain by a red ugly thing

Skill      XL: |  1  2  3  4  5  6  7  8  9 10 11 |
---------------+----------------------------------+-----
Shields        | 4 5 6 7 8 9 11 | 11.3
Fighting       | 4 6 7 8 10 | 10.0
Long Blades    | 3 4 5 6 7 8 10 12 13 | 13.5
Armour         | 4 6 7 9 10 11 | 11.4
Dodging        | 1 2 3 4 |  4.9
Stealth        | 1 |  1.3
Invocations    | |  0.2

Action                   |  1- 3 |  4- 6 |  7- 9 | 10-12 || total
-------------------------+-------+-------+-------+-------++-------
Melee: Long sword        |    91 |   213 |   371 |   333 ||  1008
       Headbutt          |    10 |    37 |    81 |   137 ||   265
       Scimitar          |       |       |       |    18 ||    18
Invok: Heroism           |       |       |       |     2 ||     2
Evoke: Wand              |       |       |       |     1 ||     1
  Use: Scroll            |       |     9 |     8 |     2 ||    19
       Potion            |       |       |     3 |       ||     3
  Eat: Chunk             |       |     8 |    10 |    13 ||    31
       Ration            |       |       |     2 |       ||     2
Armor: Scale mail        |    46 |   105 |    13 |       ||   164
       Chain mail        |       |       |   110 |   109 ||   219
Dodge: Dodged            |    26 |    80 |    93 |   102 ||   301
Block: Shield            |    61 |   114 |   192 |   222 ||   589
       Rpst.: Long sword |     8 |    18 |    19 |    25 ||    70
